 Dungeon Crawl Stone Soup version 0.29.0-4-gdea44cf6ec (webtiles) character file.

Game seed: 15642214240894121247

1 qw the Sneak (level 1, 0/14 HPs)
             Began as a Gargoyle Delver on Sept 10, 2022.
             Slain by a hound (3 damage)
             ... on level 4 of the Dungeon.
             The game lasted 00:00:01 (20 turns).

qw the Sneak (Gargoyle Delver)                        Turns: 20, Time: 00:00:01

Health: 0/14       AC:  5    Str: 15    XL:     1   Next: 20%
Magic:  1/1        EV: 11    Int: 10    God:
Gold:   0          SH:  0    Dex: 11    Spells: 0/0 levels left

rFire   . . .      SeeInvis .   a - +0 hand axe
rCold   . . .      Faith    .   (no shield)
rNeg    + . .      Spirit   .   b - +0 leather armour
rPois   inf        Reflect  .   (no helmet)
rElec   +          Harm     .   (no cloak)
rCorr   .          Rampage  .   (no gloves)
Will    .....                   (no boots)
Stlth   +++.......              (no amulet)
HPRegen 0.04/turn               (no ring)
MPRegen 0.07/turn               (no ring)

@: no status effects
A: sickness immunity, AC +2, negative energy resistance 1, electricity
resistance, torment resistance 1, petrification resistance
a: no special abilities


You were on level 4 of the Dungeon.
You visited 1 branch of the dungeon, and saw 2 of its levels.


Innate Abilities, Weirdness & Mutations

You are immune to sickness and miasma.
Your stone body is resilient. (AC +2)
You are immune to poison.
You resist negative energy. (rN+)
You are resistant to electric shocks. (rElec)
You are resistant to unholy torment.
You are immune to petrification.


   Skills:
 - Level 3.2 Fighting
 + Level 1.9 Axes
 - Level 1.5 Dodging
 - Level 5.4 Stealth


You couldn't memorise any spells.
You didn't know any spells.
Your spell library was empty.

Inventory:

Hand Weapons
 a - a +0 hand axe (weapon)
Armour
 b - a +0 leather armour (worn)
Wands
 g - a wand of digging (3)
Potions
 f - a potion of haste

Dungeon Overview and Level Annotations

Branches:
Dungeon (5/15)
 Temple: D:4-7

Altars:


Message History

There are monsters nearby!
Existing waypoints: (2) D:5 Assign waypoint to what number? (0-9, D - delete waypoint) Waypoint 1 assigned to D:4.
Enter note: A hound comes into view.
The kobold throws a stone.
The stone hits you. The hound bites you but does no damage.
The goblin shouts!
You hit the hound.
The hound is lightly wounded.
You closely miss the goblin. The hound bites you but does no damage.
The goblin hits you with a +1 dagger of venom.
You hit the hound.
The hound is moderately wounded.
You completely miss the goblin. The hound bites you.
The hound barely misses you. The goblin hits you but does no damage.
You miss the hound.
The hound is moderately wounded.
You hit the goblin. You closely miss the kobold. The hound bites you.
The goblin hits you but does no damage. The kobold barely misses you.
The hound bites you.
You closely miss the goblin.
The goblin is heavily wounded.
You miss the hound. You closely miss the kobold.
The hound completely misses you. The goblin hits you but does no damage.
The kobold hits you with a +0 dagger. The hound bites you.
You hit the goblin.
You kill the goblin!
You hit the hound but do no damage. You completely miss the kobold.
The kobold closely misses you. The hound misses you. x2
The kobold hits you with a +0 dagger.
You hit the hound.
The hound is heavily wounded.
You completely miss the kobold. The hound bites you.
You die...

### # ..# #.#
#.#######
#...###.......#
###...).......#
......h@......#
..#...K.......#
#...........#
###.........#
#.........#
+....######
#....# #.....


You could see a hound and a kobold.

Vanquished Creatures
  A goblin (D:4)
1 creature vanquished.

Notes
Turn   | Place    | Note
-------+----------+-------------------------------------------
     0 | D:5      | qw the Gargoyle Delver began the quest for the Orb.
     0 | D:5      | Reached XP level 1. HP: 14/14 MP: 1/1
     0 | D:5      | 0 ||| qw: Version: 0.1-a-116-g5d60599
     0 | D:5      | 0 ||| qw: Game counter: 9453
     0 | D:5      | 0 ||| qw: Always use a shield: true
     0 | D:5      | 0 ||| qw: God list: Okawaru
     0 | D:5      | 0 ||| qw: Allow faded altars: false
     0 | D:5      | 0 ||| qw: Do Orc after D:15 true
     0 | D:5      | 0 ||| qw: Do second Lair branch before Depths: true
     0 | D:5      | 0 ||| qw: Lair rune preference: random
     0 | D:5      | 0 ||| qw: Plans: Normal
     0 | D:5      | 0 ||| PLANNING D:1-11
     1 | D:5      | 1 ||| DROPPING scroll of fog.
     2 | D:5      | 2 ||| DROPPING scroll of magic mapping.
     3 | D:5      | 3 ||| DROPPING scroll of fear.
    12 | D:4      | Noticed a hound
    19 | D:4      | HP: 3/14 [kobold/+0 dagger (2)]
    20 | D:4      | Slain by a hound

Levels and vault maps discovered:
D:4:      layout_basic, overflow_temple_1_default, uniq_crazy_yiuf_cottage
D:5:      layout_basic, nicolae_vehumet_altar_sigil, serial_shops,
          nicolae_lakefront_shop, nicolae_wooded_promenade

Action                   || total
-------------------------++-------
Melee: Hand axe          ||     6
Armor: Leather armour    ||     5
Dodge: Dodged            ||     6

Table legend:
 A = Non-vault XP
 B = Vault XP
 C = Vault XP percentage of total XP
 D = Non-vault monster count
 E = Vault monster count
 F = Vault count percentage of total count
                 A         B        C        D         E       F
            +---------+---------+-------+---------+---------+-------
      Total |       2 |       0 |   0.0 |       1 |       0 |   0.0
            +---------+---------+-------+---------+---------+-------
        D:4 |       2 |       0 |   0.0 |       1 |       0 |   0.0
            +---------+---------+-------+---------+---------+-------
